 Dungeon Crawl Stone Soup version 0.30-a0-862-g1aabd4f9c5 (webtiles) character file.

Game seed: 16391163668234765907

38 Esekla the Sneak (level 3, 26/26 HPs)
             Began as an Octopode Delver on Mar 10, 2023.
             Quit the game on level 5 of the Dungeon.
             The game lasted 00:01:47 (114 turns).

Esekla the Sneak (Octopode Delver)                   Turns: 114, Time: 00:01:48

Health: 26/26      AC:  1    Str: 11    XL:     3   Next: 43%
Magic:  4/4        EV: 13    Int: 14    God:
Gold:   17         SH:  0    Dex: 13    Spells: 3/3 levels left

rFire   . . .      SeeInvis .    a - +0 falchion
rCold   . . .      Faith    .    (no shield)
rNeg    . . .      Spirit   .    (helmet restricted)
rPois   .          Reflect  .    (no amulet)
rElec   .          Rampage  .    (no ring)
rCorr   .                        (no ring)
Will    .....                    (no ring)
Stlth   ++++                     (no ring)
HPRegen 0.24/turn                (no ring)
MPRegen 0.09/turn                (no ring)
                                 (no ring)
                                 (no ring)

@: no status effects
A: almost no armour, amphibious, 8 rings, camouflage 1, gelatinous body 1,
(nimble swimmer 1), tentacles
a: no special abilities


You were on level 5 of the Dungeon.
You visited 1 branch of the dungeon, and saw 1 of its levels.

You collected 17 gold pieces.

Inventory:

Hand Weapons
 a - a +0 falchion (weapon)
Missiles
 c - 6 poisoned darts (quivered)
Wands
 f - a wand of digging (2)
Scrolls
 b - a scroll of fog
 d - a scroll of fear
Potions
 e - a potion of haste


   Skills:
 * Level 3.3 Fighting
 * Level 2.2 Long Blades
 * Level 2.2 Dodging
 + Level 7.2 Stealth
 * Level 0.7 Spellcasting


You had 3 spell levels left.
You didn't know any spells.
Your spell library was empty.

Dungeon Overview and Level Annotations

Branches:
Dungeon (5/15)
 Temple: D:4-7

Altars:
Makhleb
Zin


Innate Abilities, Weirdness & Mutations

You cannot wear most types of armour.
You are amphibious.
You can wear up to eight rings at the same time.
Your skin changes colour to match your surroundings (Stealth+).
Your rubbery body absorbs attacks. (AC +1, EV +1)
((You are camouflaged when in or above water. (Stealth+)))
You have tentacles for arms and can constrict up to eight enemies at once.


Message History

You hear a shout!
You hear an angry hiss.
You hit the howler monkey.
The howler monkey is heavily wounded.
You constrict the howler monkey.
The howler monkey hoots and howls with incredible vigour!
You hit the howler monkey.
The howler monkey is severely wounded.
You constrict the howler monkey. The howler monkey closely misses you.
You hit the howler monkey but do no damage.
You squeeze the howler monkey.
You kill the howler monkey!
Your Stealth skill increases to level 7!
You have reached level 2!
You have reached level 3!
Your experience leads to an increase in your attributes!
Increase (S)trength, (I)ntelligence, or (D)exterity?
You feel clever. x2
Found 17 gold pieces.
You now have 17 gold pieces.
A phantom comes into view.
Found a stone staircase leading up.
You open the door.
There is an open door here.
An orc comes into view. It is wielding a +0 mace.
An orc wizard comes into view. It is wielding a +0 dagger.
Found an amethyst potion.
There is an open door here.
Found 6 poisoned darts.
A jelly comes into view.
You see here 6 poisoned darts.
c - 6 poisoned darts
Aiming: Dig
Press: ? - help, Shift-Dir - straight line The rock shatters into small pieces.
Found a short sword.
Found a scroll labelled XIWYDI VOUG.
Found a burning altar of Makhleb.
You open the door.
A howler monkey comes into view.
Found a glowing silver altar of Zin.
Are you sure you want to abandon this character and quit the game? (Confirm with "yes".)

*,* *,*#...#####.# #.#
****,***,*###.....<.#
#.# *,,,,,,,,*
#..#########.#
*,*#,***** #..# #.......
*,*#.* #..# #.##.###
*,*#.##* #..# #.##.###
*,*#...* #..# #.##....
*,##.#.######..##
#.##.###
*,#......@......# #.##.#
*,###...###.#...###.##.#
****##'..?####......##.#
***.h)..##*#..........#
*A#_..._#,*#...######.#
###.....##*##..# #.#
###'.#.* #..# *,*
*...######..######,*
*...#............#.#**


You could see a howler monkey (asleep).

Vanquished Creatures
  A howler monkey (D:5)
1 creature vanquished.

Notes
Turn   | Place    | Note
-------+----------+-------------------------------------------
     0 | D:5      | Esekla the Octopode Delver began the quest for the Orb.
     0 | D:5      | Reached XP level 1. HP: 16/16 MP: 1/1
     7 | D:5      | Noticed a howler monkey
    12 | D:5      | Killed a howler monkey
    13 | D:5      | Reached skill level 7 in Stealth
    13 | D:5      | Reached XP level 2. HP: 21/21 MP: 1/3
    13 | D:5      | Reached XP level 3. HP: 26/26 MP: 1/4
    41 | D:5      | Noticed a phantom
   110 | D:5      | Found a burning altar of Makhleb.
   111 | D:5      | Found a glowing silver altar of Zin.
   111 | D:5      | Noticed an angel
   114 | D:5      | Quit the game

Illustrated notes

Levels and vault maps discovered:
D:5:      layout_loops_ring, grunt_temple_overflow_order_and_chaos_2,
          dk_noncrumbling_2, uniq_eustachio

Skill      XL: |  1 |
---------------+----+-----
Stealth        | 7 |  7.2
Fighting       | |  3.3
Long Blades    | |  2.2
Dodging        | |  2.2
Spellcasting   | |  0.7

Action                     || total
---------------------------++-------
  Melee: Falchion          ||     4
         Constrict         ||     1
         Tentacles         ||     1
  Evoke: Wand              ||     1
    Use: Scroll            ||     1
  Dodge: Dodged            ||     2

Table legend: (Time is in decaauts)
 A = Elapsed time spent in this place.
 B = Non-inter-level travel time spent in this place.
 C = Inter-level travel time spent in this place.
 D = Time resting spent in this place.
 E = Time spent auto-exploring this place.
 F = Levels seen in this place.
 G = Mean time per level.
                   A        B        C        D        E       F      G
               +--------+--------+--------+--------+--------+-----+--------+
         Total |    114 |    114 |      0 |      0 |      0 |   1 |  114.0 |
       Dungeon |    114 |    114 |      0 |      0 |      0 |   1 |  114.0 |
               +--------+--------+--------+--------+--------+-----+--------+

Top non-repeatable levels by time:
     D:5: 114 daAuts
